 Dungeon Crawl Stone Soup version 0.25.0-9-g26727b6 (webtiles) character file.

Game seed: 14218292237381745038

62 vt the Firebug (level 3, -1/19 HPs)
             Began as a Deep Elf Fire Elementalist on June 20, 2020.
             Killed from afar by Sigmund (7 damage)
             ... with a puff of flame
             ... on level 3 of the Dungeon.
             The game lasted 00:04:52 (1726 turns).

vt the Firebug (Deep Elf Fire Elementalist)         Turns: 1726, Time: 00:04:53

Health: -1/19      AC:  4    Str:  5    XL:     3   Next: 85%
Magic:  9/9        EV: 13    Int: 20    God:
Gold:   95         SH:  0    Dex: 15    Spells: 4/8 levels left

rFire    . . .     SeeInvis .   a - +3 dagger (drain)
rCold    . . .     Gourm    .   (no shield)
rNeg     . . .     Faith    .   j - +0 robe
rPois    .         Spirit   .   (no helmet)
rElec    .         Reflect  .   (no cloak)
rCorr    .         Harm     .   i - +0 pair of gloves
MR       .....                  y - +0 pair of boots
Stlth    ++........             (no amulet)
HPRegen  0.06/turn              (no ring)
MPRegen  0.11/turn              (no ring)

@: no status effects
A: no striking features
a: no special abilities


You were on level 3 of the Dungeon.
You were not hungry.

You visited 1 branch of the dungeon, and saw 3 of its levels.

You collected 95 gold pieces.

Inventory:

Hand Weapons
 a - a +3 dagger of draining (weapon)
   (You took it off a kobold on level 1 of the Dungeon)
 b - a +0 whip
   (You found it on level 1 of the Dungeon)
Missiles
 g - 26 stones (quivered)
 s - a throwing net {!d !f =f}
Armour
 i - a +0 pair of gloves (worn)
   (You found it on level 1 of the Dungeon)
 j - a +0 robe (worn)
 y - a +0 pair of boots (worn)
   (You found it on level 3 of the Dungeon)
Jewellery
 f - an uncursed ring of protection from magic {unknown}
   (You found it on level 1 of the Dungeon)
Scrolls
 d - 3 scrolls of fear {unknown}
 e - 3 scrolls of magic mapping {unknown}
 l - a scroll of immolation {unknown}
 m - a scroll of enchant weapon {unknown}
 n - 3 scrolls of teleportation {unknown}
 o - a scroll of remove curse {unknown}
 p - 2 scrolls of enchant armour {unknown}
 q - a scroll of identify {unknown}
 t - a scroll of noise {unknown}
Potions
 h - a potion of cancellation {unknown}
 k - a potion of mutation {unknown}
 r - 2 potions of curing {@q1}
 u - a potion of might {unknown}
 v - 2 potions of lignification {unknown}
 w - a potion of resistance {unknown}
 x - a potion of invisibility {unknown}
Comestibles
 c - 5 rations


   Skills:
 - Level 2.4 Dodging
 - Level 2.4 Stealth
 - Level 3.0 Spellcasting
 + Level 3.0 Conjurations
 + Level 4.4 Fire Magic


You had 4 spell levels left.
You knew the following spells:

 Your Spells              Type           Power        Failure   Level  Hunger
a - Foxfire               Conj/Fire      ###.         3%          1    None
d - Conjure Flame         Conj/Fire      ###.....     10%         3    ###....

Your spell library contained the following spells:

 Spells                   Type           Power        Failure   Level  Hunger
 Inner Flame              Hex/Fire       ##......     17%         3    ###....
 Sticky Flame             Conj/Fire      ###.....     30%         4    ####...
 Fireball                 Conj/Fire      ###.......   65%         5    ######.


Dungeon Overview and Level Annotations

Branches:
Dungeon (3/15)

Altars:
Fedhas
Kikubaaqudgha

Annotations:
D:3 Sigmund


Message History

There are no items here.
Your magical contamination has completely faded away.
Okay, then.
A kobold comes into view.
The kobold shouts!
The kobold throws a stone.
The stone barely misses you.
You see here a rat corpse.
You butcher the rat corpse.
The kobold throws a stone.
The stone hits you but does no damage.
Things that are here:
a chunk of flesh; a rat skeleton Eat a chunk of flesh? (ye/n/q)
You eat the chunk of flesh.
This raw flesh tastes terrible.
The kobold throws a stone.
The stone barely misses you.
The kobold throws a stone.
The stone hits you.
You see here 2 stones.
g - 25 stones (gained 2)
You see here a stone.
g - 26 stones (gained 1)
You climb upwards.
You start resting.
HP restored.
You climb downwards.
Level annotation: Sigmund The kobold hits you.
The kobold hits you.
You climb upwards.
The kobold hits you.
Casting: Foxfire (safe; 3% risk of failure)
Confirm with . or Enter, or press ? or * to list all spells.
You conjure some foxfire!
The kobold hits you.
The foxfire hits the kobold.
You kill the kobold!
You start resting.
Magic restored.
HP restored.
You climb downwards.
Level annotation: Sigmund You see here a rat skeleton.
Sigmund shouts!
Casting: Foxfire (safe; 3% risk of failure)
Confirm with . or Enter, or press ? or * to list all spells.
The spell is extremely dangerous to cast (10% risk of failure)!
Continue anyway?
The fire begins to smolder!
Sigmund points at you and mumbles some strange words.
You resist with some effort.
The fire ignites!
Sigmund casts a spell.
Sigmund flickers and vanishes!
Deactivating autopickup; reactivate with Ctrl-A.
You see here a sedimented puce potion.
r - 3 sedimented puce potions (gained 1)
You see here a scroll labeled MEOCAE AZIQ.
n - 3 scrolls labeled MEOCAE AZIQ (gained 1)
A jackal comes into view.
The jackal barks!
Something completely misses you. Something hits you!
Ouch! That really hurt!
* * * LOW HITPOINT WARNING * * *
A jackal comes into view.
A jackal comes into view.
You see here 20 bolts.
A jackal comes into view.
A rat comes into view.
The jackal barks!
You hear an angry hiss.
You hear a bark!
You hear some strange, mumbled words.
You are confused.
An adder comes into view.
The jackal barely misses you.
The jackal barks!
You see here 12 gold pieces.
You're too confused to move!
The jackal barely misses you. The rat barely misses you.
It was a potion of curing.
You feel better.
The jackal bites you but does no damage.
You hear some strange, mumbled words.
A puff of flame appears from out of thin air!
The puff of flame hits you. The jackal bites you.
The rat bites you but does no damage.
The jackal bites you but does no damage.
The jackal bites you but does no damage.
The jackal misses you. The rat misses you.
Sigmund appears from thin air!
Reactivating autopickup.
Sigmund asks, "Do you like me?"
Sigmund casts a spell.
Sigmund flickers and vanishes!
Deactivating autopickup; reactivate with Ctrl-A.
The jackal bites you but does no damage.
The adder barely misses you. The jackal bites you. The jackal bites you.
The jackal closely misses you. The jackal misses you. The jackal bites you.
* * * LOW HITPOINT WARNING * * *
The jackal bites you but does no damage.
The jackal bites you.
* * * LOW HITPOINT WARNING * * *
You hear some strange, mumbled words.
A puff of flame appears from out of thin air!
The puff of flame hits you!
You die...

░░░░░ ░░░ ░.... ░.. ░.░░░
░.░░░░░░░░░░░.░
░.░...........░░░
░░░░.░.░░.░.░░░░░░..
░░░░░░░░░░Sh@.░.░░.░.........
░.......h'rh..░....░....░░...
.........░.{.[░....░....░░...
.........h...............>.†.
........$░....░..............
...░░░.░.░░+░.░..░.░.........
.. ░.░.░░[.)...÷<░.░..░.... .
░.░.░░░░.░..░.░ ░..░....
░.░....░.░..░.░ ░. ░..@.


You could see an adder, 4 jackals and a rat.

Vanquished Creatures
  2 adders
  An ooze (D:1)
  3 dart slugs (D:1)
  A leopard gecko (D:1)
  4 bats
  3 giant cockroaches
  3 goblins
  3 hobgoblins
  5 kobolds
  3 frilled lizards
  5 rats
33 creatures vanquished.

Vanquished Creatures (others)
  74 foxfires
74 creatures vanquished.

Grand Total: 107 creatures vanquished

Notes
Turn   | Place    | Note
-------+----------+-------------------------------------------
     0 | D:1      | vt the Deep Elf Fire Elementalist began the quest for the
                  | Orb.
     0 | D:1      | Reached XP level 1. HP: 10/10 MP: 6/6
   145 | D:1      | Reached XP level 2. HP: 14/15 MP: 5/8
   409 | D:1      | Reached skill level 2 in Conjurations
   829 | D:1      | Reached skill level 4 in Fire Magic
   975 | D:2      | Reached XP level 3. HP: 19/19 MP: 7/9
  1141 | D:2      | Found a blossoming altar of Fedhas.
  1142 | D:2      | Found an ancient bone altar of Kikubaaqudgha.
  1413 | D:3      | Noticed Sigmund
  1425 | D:2      | Learned a level 3 spell: Conjure Flame
  1482 | D:3      | Reached skill level 3 in Conjurations
  1726 | D:3      | Killed from afar by Sigmund

Levels and vault maps discovered:
D:1:      heliophobic_arrival_battle_scene, layout_basic
D:2:      layout_rooms, grunt_temple_overflow_growth_and_decay, first_ration,
          serial_park_tiny_pond
D:3:      layout_basic, nicolae_overflow_hidden_temple, uniq_sigmund,
          uniq_grinder

Skill      XL: |  1  2  3 |
---------------+----------+-----
Conjurations   | 2 3 |  3.0
Fire Magic     | 4 |  4.4
Dodging        | |  2.4
Stealth        | |  2.4
Spellcasting   | |  3.0

Action                   || total
-------------------------++-------
Melee: Dagger            ||    12
       Whip              ||     1
       Unarmed           ||     1
 Cast: Foxfire           ||    44
       Conjure Flame     ||     1
  Use: Potion            ||     1
 Stab: Sleeping          ||     2
  Eat: Chunk             ||     2
Armor: Robe              ||    14
Dodge: Dodged            ||    22

Levels and vault maps discovered:
D:1:      heliophobic_arrival_battle_scene, layout_basic
D:2:      layout_rooms, grunt_temple_overflow_growth_and_decay, first_ration,
          serial_park_tiny_pond
D:3:      layout_basic, nicolae_overflow_hidden_temple, uniq_sigmund,
          uniq_grinder

Table legend:
 A = Turns spent in this place as a percentage of turns spent in the entire game.
 B = Non-inter-level travel turns spent in this place as a percentage of non-inter-level travel turns spent in the entire game.
 C = Inter-level travel turns spent in this place as a percentage of turns spent in this place.
 D = Turns resting spent in this place as a percentage of non-inter-level travel turns spent in this place.
 E = Turns spent auto-exploring this place as a percentage of non-inter-level travel turns spent in this place.
 F = Non-inter-level travel turns spent in this place divided by the number of levels of this place that you've seen.
                   A       B       C       D       E      F
               +-------+-------+-------+-------+-------+----------------------
         Total | 100.0 | 100.0 |   3.0 |  25.4 |  47.3 | 558.0
       Dungeon | 100.0 | 100.0 |   3.0 |  25.4 |  47.3 | 558.0
               +-------+-------+-------+-------+-------+----------------------

Table legend:
 A = Kills in this place as a percentage of kills in entire the game.
 B = Kills by you in this place as a percentage of kills by you in the entire game.
 C = Kills by friends in this place as a percentage of kills by friends in the entire game.
 D = Other kills in this place as a percentage of other kills in the entire game.
 E = Experience gained in this place as a percentage of experience gained in the entire game.
 F = Experience gained in this place divided by the number of levels of this place that you have seen.
                   A       B       C       D       E      F
               +-------+-------+-------+-------+-------+----------------------
         Total | 100.0 | 100.0 |   N/A |   N/A | 100.0 |  29.7
       Dungeon | 100.0 | 100.0 |   N/A |   N/A | 100.0 |  29.7
               +-------+-------+-------+-------+-------+----------------------
